 Dungeon Crawl Stone Soup version 0.19-a0-32-gbfd796a (webtiles) character file.

53 M4edhros the Grave Robber (level 3, -9/21 HPs)
             Began as an Octopode Necromancer on May 2, 2016.
             Mangled by an orc
             ... wielding a +0 mace
              (10 damage)
             ... on level 3 of the Dungeon.
             The game lasted 00:03:23 (623 turns).

M4edhros the Grave Robber (Octopode Necromancer)     Turns: 623, Time: 00:03:24

Health: -9/21      AC:  1    Str:  7    XL:     3   Next: 89%
Magic:  2/6        EV: 12    Int: 17    God:
Gold:   65         SH:  0    Dex: 13    Spells: 3 memorised, 1 level left

rFire  + . .     SeeInvis .       - Unarmed
rCold  . . .     Gourm    .     (no shield)
rNeg   . . .     Faith    .     (helmet restricted)
rPois  .         Spirit   .     (no amulet)
rElec  .         Dismiss  .     e - ring of protection from fire
rCorr  .         Reflect  .     (no ring)
SustAt .         Harm     .     (no ring)
MR     .....                    (no ring)
Stlth  +++.......               (no ring)
                                (no ring)
                                (no ring)
                                (no ring)

@: not resistant to hostile enchantments, fairly stealthy
A: almost no armour, amphibious, 8 rings, constrict 8, camouflage 1, gelatinous
body 1
a: no special abilities


You were on level 3 of the Dungeon.
You were not hungry.

You visited 1 branch of the dungeon, and saw 3 of its levels.

You collected 65 gold pieces.

Inventory:

Missiles
 j - 8 tomahawks of returning (quivered)
Jewellery
 c - an uncursed ring of ice
 e - a ring of protection from fire (left tentacle)
Scrolls
 d - 2 scrolls of random uselessness
 h - a scroll of remove curse
 i - 2 scrolls of teleportation
 k - a scroll of enchant armour {unknown}
Books
 a - a book of Necromancy

   Spells                             Type                      Level
   a - Pain                           Necromancy                   1
   b - Animate Skeleton               Necromancy                   1
   c - Vampiric Draining              Necromancy                   3
   d - Regeneration                   Charms/Necromancy            3
   e - Animate Dead                   Necromancy                   4
   f - Control Undead                 Necromancy                   4
Comestibles
 b - a bread ration
 f - a beef jerky
 g - a chunk of flesh


   Skills:
 - Level 2.0 Dodging
 - Level 2.6 Stealth
 + Level 3.3 Unarmed Combat
 - Level 2.0 Spellcasting
 - Level 4.0 Necromancy


You had one spell level left.
You knew the following spells:

 Your Spells              Type           Power        Failure   Level  Hunger
a - Pain                  Necr           ###.         3%          1    #......
b - Animate Skeleton      Necr           N/A          3%          1    #......
r - Regeneration          Chrm/Necr      #.........   24%         3    ###....


Dungeon Overview and Level Annotations

Branches:
Dungeon (3/15)

Altars:
Fedhas
Gozag
Pakellas


Innate Abilities, Weirdness & Mutations

You cannot wear most types of armour.
You are amphibious.
You can wear up to eight rings at the same time.
You can use your tentacles to constrict eight enemies at once.
Your skin changes colour to match your surroundings (Stealth).
Your rubbery body absorbs attacks (AC +1).


Message History

Unknown command.
You completely miss the orc. Your grab misses the orc.
The orc is lightly wounded.
The orc hits you with a mace.
Unknown command.
Your rat skeleton barely misses the orc.
You barely miss the orc. You grab the orc.
You constrict the orc, but do no damage.
The orc hits you with a mace.
* * * LOW HITPOINT WARNING * * *
Something bites the orc.
You tentacle-slap the orc.
The orc is heavily wounded.
You constrict the orc. The orc hits you with a mace.
* * * LOW HITPOINT WARNING * * *
You tentacle-slap the orc but do no damage.
You squeeze the orc, but do no damage.
The orc is severely wounded.
You constrict the orc. The orc hits you with a mace!
You die...

...# .. #..# ...
...####...
S........ .........
#........ #........
###########........
#<....@ow..........
########...........
#.Zo.........
#.....)....#######
#.......[.....
..#.#
#..####o####.#
#.#o# #.. ... #.#
#.#o# ## ....
.###.#.# .....#
..#.#o#


You could see a worm, an orc wizard and an orc.

Vanquished Creatures
  An orc priest (D:3)
  2 dart slugs
  A giant gecko (D:2)
  7 bats
  A giant cockroach (D:1)
  A hobgoblin (D:1)
  A jackal (D:2)
  3 kobolds (D:2)
  2 rats
19 creatures vanquished.

Vanquished Creatures (collateral kills)
  A ball python (D:2)
1 creature vanquished.

Grand Total: 20 creatures vanquished

Notes
Turn   | Place    | Note
--------------------------------------------------------------
     0 | D:1      | M4edhros the Octopode Necromancer began the quest for the Orb.
     0 | D:1      | Reached XP level 1. HP: 11/11 MP: 3/3
    38 | D:1      | Reached skill level 1 in Unarmed Combat
    50 | D:1      | Reached XP level 2. HP: 6/17 MP: 3/5
   117 | D:2      | Learned a level 1 spell: Animate Skeleton
   237 | D:2      | Found an oddly glowing altar of Pakellas.
   275 | D:2      | Found an opulent altar of Gozag.
   420 | D:3      | Found a blossoming altar of Fedhas.
   548 | D:3      | Reached XP level 3. HP: 10/21 MP: 4/6
   553 | D:3      | Learned a level 3 spell: Regeneration
   622 | D:3      | HP: 1/21 [orc/mace (5)]
   623 | D:3      | Mangled by an orc

Vault maps used:
D:1:      minmay_arrival_stone_box, serial_glass, glass_columns_a,
          glass_columns_a
D:2:      minitemple, grunt_pakellas_mercury, lemuel_doored_altar,
          minmay_misc_feat_roman, st_stairs_6, kennysheep_generic_room_5
D:3:      okawaru_altar_gauntlet_db, old_standard_altar, lemuel_blue_sif_altar,
          first_bread, st_stairs_14, amalloy_card_club

Skill      XL: |  1  2  3 |
---------------+----------+-----
Unarmed Combat | 1 2 3 |  3.3
Dodging        | |  2.0
Stealth        | |  2.6
Spellcasting   | |  2.0
Necromancy     | |  4.0

Action                   || total
-------------------------++-------
Melee: Unarmed           ||    34
       Constrict         ||    10
       Tentacles         ||     5
       Punch             ||     1
 Cast: Pain              ||    20
       Animate Skeleton  ||     5
       Regeneration      ||     2
  Use: Scroll            ||     3
 Stab: Sleeping          ||     3
Armor: Skin              ||     7
Dodge: Dodged            ||    17
